 Dungeon Crawl Stone Soup version 0.29.1-13-g9f3cf754e1 (webtiles) character file.

Game seed: 16684441076849826969

67 Mickster the Chopper (level 4, 0/40 HPs)
             Began as a Hill Orc Fighter on Feb 10, 2023.
             Slain by an orc wizard
             ... wielding a +0 dagger
              (1 damage)
             ... on level 3 of the Dungeon.
             The game lasted 00:21:33 (1692 turns).

Mickster the Chopper (Hill Orc Fighter)             Turns: 1692, Time: 00:21:34

Health: 0/40       AC:  7    Str: 20    XL:     4   Next: 16%
Magic:  4/4        EV:  9    Int:  8    God:
Gold:   53         SH:  4    Dex: 10    Spells: 3/3 levels left

rFire   . . .      SeeInvis .   a - +0 war axe (drain)
rCold   . . .      Faith    .   c - +0 buckler
rNeg    . . .      Spirit   .   b - +0 scale mail
rPois   .          Reflect  .   m - +0 hat
rElec   .          Harm     .   (no cloak)
rCorr   .          Rampage  .   (no gloves)
Will    .....                   (no boots)
Stlth   ..........              (no amulet)
HPRegen 0.13/turn               (no ring)
MPRegen 0.09/turn               (no ring)

@: no status effects
A: no striking features
a: no special abilities


You were on level 3 of the Dungeon.
You visited 1 branch of the dungeon, and saw 3 of its levels.

You collected 53 gold pieces.

Inventory:

Hand Weapons
 a - a +0 war axe of draining (weapon)
 e - a +0 spear
 f - a +0 sling
 j - a +0 whip
Missiles
 g - 19 stones
 h - 8 poisoned darts (quivered)
Armour
 b - a +0 scale mail (worn)
 c - a +0 buckler (worn)
 m - a +0 hat (worn)
Scrolls
 k - a scroll of enchant armour {unknown}
Potions
 d - a potion of might
 l - a potion of curing


   Skills:
 + Level 3.9 Fighting
 * Level 4.5(4.6) Axes
 * Level 0.8(2.4) Maces & Flails
 + Level 3.8 Armour
 + Level 3.4 Shields


You had 3 spell levels left.
You didn't know any spells.
Your spell library contained the following spells:

 Spells                   Type           Power      Damage    Failure   Level
 Gell's Gravitas          Tloc           0%         N/A       99%         3
 Teleport Other           Tloc           0%         N/A       99%         3
 Dispersal                Tloc           0%         N/A       100%        6


Dungeon Overview and Level Annotations

Branches:
Dungeon (3/15)

Altars:


Message History

Something tries to affect you, but you resist.
Something hits you but does no damage. x2
You hear some strange, mumbled words.
Something tries to affect you, but you resist.
Something hits you but does no damage.
A puff of flame appears from out of thin air!
The puff of flame hits something.
You feel better.
You hear some strange, mumbled words.
Something tries to affect you, but you resist.
Something hits you but does no damage. Something hits you.
Something hits you but does no damage.
You hit something but do no damage. x2; You block something's attack.
Something hits you but does no damage.
You hit something. You barely miss something.
You hear some strange, mumbled words.
A puff of flame appears from out of thin air!
The puff of flame hits you.
* * * LOW HITPOINT WARNING * * *
You hear some strange, mumbled words.
Something tries to affect you, but you resist.
You closely miss something. You miss something.
You hear some strange, mumbled words.
A puff of flame appears from out of thin air!
The puff of flame hits you but does no damage.
You hear some strange, mumbled words.
Something tries to affect you, but you resist.
You hear some strange, mumbled words.
A magic dart appears from out of thin air!
The magic dart hits you.
* * * LOW HITPOINT WARNING * * *
You hear some strange, mumbled words.
Something tries to affect you, but you resist.
You miss something. You hit something. Something hits you.
* * * LOW HITPOINT WARNING * * *
Something hits you but does no damage.
You miss something. You barely miss something. Something hits you.
* * * LOW HITPOINT WARNING * * *
Something hits you.
You die...

.. .... #.. ....
#(####... # ##.#.. ..#
#.##....# ..# #.#
#.#.....##..# #.#
#.......)#..# #.#
#......@{)..# #.#
##......{#..# #.#
###...†.###.# #.#
##.......###.#
##.######.............
...........#####.###..#
##.........# #... .
########### ##### ..


There were no monsters in sight!

Vanquished Creatures
  2 adders
  2 orcs (D:3)
  2 ball pythons
  4 endoplasms
  2 giant cockroaches (D:1)
  3 goblins
  7 hobgoblins
  3 jackals (D:1)
  6 kobolds (D:1)
  4 quokkas
  2 frilled lizards
  3 rats (D:1)
40 creatures vanquished.

Vanquished Creatures (others)
  18 plants (D:1)
18 creatures vanquished.

Grand Total: 58 creatures vanquished

Notes
Turn   | Place    | Note
-------+----------+-------------------------------------------
     0 | D:1      | Mickster the Hill Orc Fighter began the quest for the Orb.
     0 | D:1      | Reached XP level 1. HP: 19/19 MP: 1/1
   105 | D:1      | Reached skill level 3 in Axes
   251 | D:1      | Reached XP level 2. HP: 15/27 MP: 2/2
   889 | D:1      | Reached XP level 3. HP: 30/33 MP: 3/3
  1383 | D:2      | Reached skill level 4 in Axes
  1634 | D:3      | Reached XP level 4. HP: 32/40 MP: 4/4
  1692 | D:3      | HP: 1/40 [something (5)]
  1692 | D:3      | Slain by an orc wizard

Illustrated notes

Levels and vault maps discovered:
D:1:      kilobyte_arrival_exit_the_forest, layout_loops_ring, serial_bayou,
          serial_bayou_pond_d, serial_bayou_pond_a, serial_bayou_shore_b,
          serial_bayou_ford_a, serial_bayou_shore_a, minmay_pentomino_v2
D:2:      layout_loops_cross, dreamdust_ecumenical_altar_hidden_monk_grotto,
          kennysheep_generic_room_4
D:3:      layout_loops_ring, mainiacjoe_overflow_brackets,
          lightli_temple_of_fire, gup_sewer_entry_pipe, minmay_misc_feat_five,
          corexii_item_surrounded_by_moat

Skill      XL: |  1  2  3 |
---------------+----------+-----
Axes           | 3 4 |  4.5
Fighting       | |  3.9
Maces & Flails | |  0.8
Armour         | |  3.8
Shields        | |  3.4

Action                   |  1- 3 |  4- 6 || total
-------------------------+-------+-------++-------
Melee: War axe           |   105 |    20 ||   125
 Fire: Sling             |     1 |       ||     1
  Use: Potion            |     2 |     1 ||     3
       Scroll            |     2 |       ||     2
Armor: Scale mail        |    39 |    14 ||    53
Dodge: Dodged            |    49 |     3 ||    52
Block: Buckler           |    25 |     3 ||    28
